 Dungeon Crawl Stone Soup version 0.31-a0-232-gb1c03b2570 (webtiles) character file.

Game seed: 4679229289358674411

219 qw the Shooter (level 5, -3/46 HPs)
             Began as a Minotaur Hexslinger on July 7, 2023.
             Killed from afar by an orc wizard (6 damage)
             ... with a puff of flame
             ... on level 6 of the Dungeon.
             The game lasted 00:00:45 (1546 turns).

qw the Shooter (Minotaur Hexslinger)                Turns: 1546, Time: 00:00:46

Health: -3/46      AC:  4    Str: 17    XL:     5   Next: 63%
Magic:  5/5        EV: 12    Int: 13    God:
Gold:   92         SH:  0    Dex: 15    Spells: 5/6 levels left

rFire   . . .        Y - +3 sling
rCold   + . .        (no shield)
rNeg    . . .        j - +1 leather armour of the Watchman {rPois Str+5 Int+3 Stlth+}
rPois   +            (helmet restricted)
rElec   .            (no cloak)
rCorr   .            (no gloves)
SInv    .            (no boots)
Will    .....        (no amulet)
Stlth   ++           c - ring of protection from cold
HPRegen 0.27/turn    (no ring)
MPRegen 0.09/turn

%: no passive effects
@: no status effects
A: horns 2, retaliatory headbutt
a: no special abilities


You were on level 6 of the Dungeon.
You visited 1 branch of the dungeon, and saw 4 of its levels.

You collected 242 gold pieces.
You spent 150 gold pieces at shops.


Innate Abilities, Weirdness & Mutations

You have a pair of horns on your head.
You reflexively headbutt those who attack you in melee.


   Skills:
 - Level 4.2 Fighting
 + Level 5.3 Ranged Weapons
 - Level 2.1 Dodging
 - Level 1.0 Spellcasting
 - Level 2.0 Hexes


You had 5 spell levels left.
You knew the following spells:

 Your Spells              Type           Power      Damage    Failure   Level
a - Slow                  Hex            20%        N/A       16%         1

Your spell library contained the following spells:

 Spells                   Type           Power      Damage    Failure   Level
 Inner Flame              Hex/Fire       3%         N/A       56%         3
 Portal Projectile        Hex/Tloc       6%         N/A       56%         3
 Cause Fear               Hex            2%         N/A       83%         4

Inventory:

Hand Weapons
 Y - a +3 sling (weapon)
Armour
 j - the +1 leather armour of the Watchman (worn) {rPois Str+5 Int+3 Stlth+}
   (You found it on level 2 of the Dungeon)

   Str:       It affects your strength (+5).
   Int:       It affects your intelligence (+3).
   rPois:     It protects you from poison.
   Stlth:     It makes you more stealthy.
Jewellery
 c - a ring of protection from cold (left hand)
Scrolls
 a - a scroll of fog {unknown}
 l - a scroll of identify
Potions
 b - a potion of haste
 d - a potion of resistance
 f - 2 potions of curing {unknown}
 g - 2 potions of heal wounds {unknown}
 h - a potion of enlightenment {unknown}
 k - a potion of berserk rage {unknown}

Dungeon Overview and Level Annotations

Branches:
Dungeon (3/15)

Altars:

Shops:
D:2 ?


Message History

The black bear is almost dead.
The black bear closely misses you. The black bear claws you. x2
You shoot a sling bullet. The sling bullet hits the black bear.
You kill the black bear!
An orc wizard comes into view. It is wielding a +1 dagger of draining.
You hear some strange, mumbled words.
Something tries to affect you, but you resist.
The orc priest mumbles some strange prayers to Beogh against you.
Beogh smites you!
Your Fighting skill gained 2 levels and is now at level 4!
You have reached level 5!
You shoot a sling bullet. The sling bullet hits the orc priest!
The orc priest is severely wounded.
An orc comes into view. It is wielding a +0 short sword.
You shoot a sling bullet. The sling bullet hits the orc priest.
The orc priest is almost dead.
The orc priest hits you with a +0 hand axe.
You shoot a sling bullet. The sling bullet hits the orc priest.
You kill the orc priest!
You shoot a sling bullet. The sling bullet hits the orc!
You kill the orc!
An orc comes into view. It is wielding a +0 heavy falchion.
Something hits you.
You shoot a sling bullet. The sling bullet hits the orc wizard.
The orc wizard is moderately wounded.
Something hits you but does no damage.
You shoot a sling bullet.
The sling bullet barely misses the orc wizard.
You hear some strange, mumbled words.
A magic dart appears from out of thin air!
The magic dart hits you!
The orc hits you with a +0 heavy falchion.
You shoot a sling bullet.
The sling bullet closely misses the orc.
The sling bullet hits the orc wizard.
The orc wizard is severely wounded.
You hear some strange, mumbled words.
A puff of flame appears from out of thin air!
The puff of flame hits you.
You die...

... ....
#######...#
#...@oo.#
#...{#.....#
#....# ....#
#....# .[.#
#....# .[#
#....# .#
#....# #
#....#
#....#


You could see an orc wizard and an orc.

Vanquished Creatures
  A black bear (D:6)
  An orc priest (D:6)
  A gnoll (D:2)
  An adder (D:2)
  3 worms
  3 dart slugs (D:1)
  3 orcs
  4 ball pythons
  5 endoplasms
  2 giant cockroaches
  5 hobgoblins
  4 jackals (D:1)
  5 kobolds
  7 bats
  4 frilled lizards
  5 goblins (D:2)
  7 rats
61 creatures vanquished.

Notes
Turn   | Place    | Note
-------+----------+-------------------------------------------
     0 | D:1      | qw the Minotaur Hexslinger began the quest for the Orb.
     0 | D:1      | Reached XP level 1. HP: 16/16 MP: 1/1
     0 | D:1      | 0 ||| qw: Version: 0.3-a-46-gb1f654a
     0 | D:1      | 0 ||| qw: Game counter: 2807
     0 | D:1      | 0 ||| qw: Melee chars always use a shield: true
     0 | D:1      | 0 ||| qw: God list: Okawaru
     0 | D:1      | 0 ||| qw: Allow faded altars: false
     0 | D:1      | 0 ||| qw: Do Orc after clearing Dungeon:15 true
     0 | D:1      | 0 ||| qw: Do second Lair branch before Depths: true
     0 | D:1      | 0 ||| qw: Lair rune preference: random
     0 | D:1      | 0 ||| qw: Goals: Normal
     0 | D:1      | 0 ||| PLANNING D:1-11
    95 | D:1      | Reached skill level 3 in Ranged Weapons
    95 | D:1      | Reached XP level 2. HP: 18/23 MP: 2/2
   223 | D:1      | HP: 6/24 [kobold/+0 dagger (2)]
   345 | D:1      | Reached XP level 3. HP: 28/29 MP: 3/3
   377 | D:1      | Found a faded altar of an unknown god.
   501 | D:1      | 501 ||| UPGRADING to +0 leather armour.
   511 | D:1      | 511 ||| DROPPING +0 robe.
   512 | D:1      | 512 ||| DRINKING 2 bubbling puce potions.
   513 | D:1      | 513 ||| DROPPING scroll of poison.
   640 | D:2      | Reached skill level 4 in Ranged Weapons
   869 | D:2      | Identified the +1 leather armour of the Watchman {rPois
                  | Str+5 Int+3 Stlth+}
   906 | D:2      | Found Peot's Magic Scroll Emporium.
   914 | D:2      | 914 ||| BUYING scroll of enchant weapon (75 gold).
   914 | D:2      | Bought a scroll of enchant weapon for 75 gold pieces
   914 | D:2      | 914 ||| BUYING scroll of enchant weapon (75 gold).
   914 | D:2      | Bought a scroll of enchant weapon for 75 gold pieces
   914 | D:2      | 914 ||| SHOPLISTING scroll of identify (20 gold, have 14).
   914 | D:2      | 914 ||| SHOPLISTING scroll of teleportation (30 gold, have
                  | 14).
   914 | D:2      | 914 ||| READING 2 scrolls of enchant weapon.
   914 | D:2      | 914 ||| ENCHANTING +1 sling.
   915 | D:2      | 915 ||| READING scroll of enchant weapon.
   915 | D:2      | 915 ||| ENCHANTING +2 sling.
   955 | D:2      | Reached XP level 4. HP: 30/36 MP: 4/4
  1279 | D:2      | 1279 ||| UPGRADING to +1 leather armour of the Watchman
                  | {rPois Str+5 Int+3 Stlth+}.
  1289 | D:2      | 1289 ||| DROPPING +0 leather armour.
  1290 | D:2      | 1290 ||| UPGRADING to ring of protection from cold.
  1291 | D:2      | 1291 ||| READING scroll labelled WIHYES WIRECO.
  1292 | D:2      | 1292 ||| READING 3 scrolls labelled ROGIUB TUENIYT.
  1293 | D:2      | 1293 ||| READING 2 scrolls of identify.
  1293 | D:2      | 1293 ||| IDENTIFYING white potion
  1500 | D:3      | Reached skill level 5 in Ranged Weapons
  1501 | D:3      | You fall into a shaft and drop 3 floors!
  1534 | D:6      | Noticed a black bear
  1539 | D:6      | Killed a black bear
  1540 | D:6      | Reached XP level 5. HP: 18/46 MP: 5/5
  1545 | D:6      | HP: 4/46 [something/magic dart (10)]
  1546 | D:6      | Killed from afar by an orc wizard

Levels and vault maps discovered:
D:1:      spicycebolla_arrival_clurvy, layout_rooms,
          shapermc_ecumenical_altar_rom_forum
D:2:      wad_river_or_something, layout_basic, serial_shops, shop,
          minmay_tall_x
D:3:      layout_rooms, nicolae_elevator_lobby_plus
D:6:      layout_gridville, general_overflow_altar,
          ashenzari_conservatory_becter

Skill      XL: |  1  2  3  4 |
---------------+-------------+-----
Ranged Weapons | 3 4 5 |  5.3
Fighting       | 2 4 |  4.2
Dodging        | |  2.1
Spellcasting   | |  1.0
Hexes          | |  2.0

Action                     |  1- 3 |  4- 6 || total
---------------------------+-------+-------++-------
   Fire: Sling             |   128 |    54 ||   182
    Use: Scroll            |     2 |     3 ||     5
         Potion            |     1 |       ||     1
 Armour: Robe              |    16 |       ||    16
         Leather armour    |     8 |     3 ||    11
  Dodge: Dodged            |    36 |     9 ||    45

Table legend:
 A = Non-vault XP
 B = Vault XP
 C = Vault XP percentage of total XP
 D = Non-vault monster count
 E = Vault monster count
 F = Vault count percentage of total count
                 A         B        C        D         E       F
            +---------+---------+-------+---------+---------+-------
      Total |     268 |      45 |  14.4 |      48 |      13 |  21.3
            +---------+---------+-------+---------+---------+-------
        D:1 |      43 |       0 |   0.0 |      22 |       0 |   0.0
        D:2 |      28 |      45 |  61.6 |      14 |      13 |  48.1
        D:3 |      20 |       0 |   0.0 |       9 |       0 |   0.0
        D:6 |     177 |       0 |   0.0 |       3 |       0 |   0.0
            +---------+---------+-------+---------+---------+-------
